cohdb
Replays
Latest Replays
All Replays
Popular Replays
Top Player Replays
Match Explorer
How It Works
Community
CoH3 Stats
Reddit
Sign in to upload your games and track your stats! →
Sign in with Steam
Match 41205973
Unlisted
Match 41205973
Overview
Messages
Build Orders
End
Kettenkrad Recon Vehicle
Selects Terror Battlegroup
Selects Terror Battlegroup
Selects Machine Gun Camouflage
Construct Infanterie Kompanie
Grenadier Squad
Grenadier Squad
Grenadier Squad
Infanterie Officer Quarters
MG 42 Machine Gun Team
Selects Interrogate
Construct Luftwaffe Kompanie
Jäger Squad
Jäger Squad
Flak 30 Anti-aircraft Gun Team
Support Elements
Selects Jericho Trumpet
Selects Propaganda Leaflet Drop
Selects Jericho Trumpet
ManOfWar
KRAL MARX
sw
Auxiliary Priest
0
0
Comments
sign in to comment!
No comments posted yet!